 Dungeon Crawl Stone Soup version 0.18-a0-1390-gc02854d (webtiles) character file.

257828 M4edhros the Blasphemer (level 20, -15/126 HPs)
             Began as an Octopode Gladiator on Feb 22, 2016.
             Was a High Priest of Zin (penitent).
             Demolished by a spatial maelstrom (18 damage)
             ... on level 4 of the Abyss.
             The game lasted 02:05:48 (33785 turns).

M4edhros the Blasphemer (Octopode Gladiator)       Turns: 33785, Time: 02:05:49

Health: -15/126    AC: 17    Str: 23    XL:     20   Next: 62%
Magic:  33/33      EV: 28    Int: 10    God:    Zin [*]
Gold:   2033       SH:  0    Dex: 26    Spells: 7 memorised, 12 levels left

rFire  + + .     SeeInvis .       - Unarmed
rCold  + . .     Gourm    .     r - +2 buckler {rN+}
rNeg   + . .     Faith    .     a - +2 hat
rPois  +         Spirit   .     t - amulet of rage
rElec  +         Dismiss  .     g - +3 ring of protection
rCorr  +         Reflect  .     n - +5 ring of slaying
SustAt .         Harm     .     Q - ring of protection from fire
MR     .....                    N - +5 ring of dexterity
Stlth  +.........               h - +3 ring of protection
                                P - +5 ring of protection
                                z - ring "Voumigi" {*Confuse rElec MR- AC+3 Str+8}
                                T - +4 ring of slaying

@: confused, liquid flames, resistant, glowing, repel missiles, not resistant to
hostile enchantments, very unstealthy
A: almost no armour, amphibious, 8 rings, constrict 8, camouflage 1, gelatinous
body 1
a: Donate Gold, Renounce Religion, Evoke Berserk Rage


You were on level 4 of the Abyss.
You worshipped Zin.
Zin was demanding penance.
You were not hungry.

You visited 5 branches of the dungeon, and saw 29 of its levels.
You visited the Abyss 3 times.
You also visited: Labyrinth.

You collected 3311 gold pieces.
You spent 948 gold pieces at shops.
You donated 330 gold pieces to Zin.

Inventory:

Hand Weapons
 B - a +1 hunting sling of flaming
 I - a +0 blowgun
 L - a +0 hunting sling of venom
Missiles
 i - 185 sling bullets
 j - 3 throwing nets (quivered)
 K - 15 curare-tipped needles
Armour
 a - a +2 hat (worn)
 r - a +2 buckler of positive energy (worn)
Rods
 y - a +0 lightning rod (13/13)
   (You took it off a minotaur in a labyrinth)
 X - a +4 iron rod (13/13)
   (You took it off a deep elf mage on level 2 of the Elven Halls)
Jewellery
 d - the ring of the Dragon {rCorr rElec rN+ Str+2 Int-2}
   (You found it on level 7 of the Dungeon)

   [ring of resist corrosion]

   It affects your strength (+2).
   It affects your intelligence (-2).
   It insulates you from electricity.
   It protects you from negative energy.
 g - a +3 ring of protection (left tentacle)
 h - a +3 ring of protection (on tentacle)
 n - a +5 ring of slaying (right tentacle)
 t - an amulet of rage (around mantle)
 w - an uncursed ring of protection from magic {unknown}
 z - the ring "Voumigi" (on tentacle) {*Confuse rElec MR- AC+3 Str+8}
   (You found it on level 8 of the Dungeon)

   [ring of protection]

   It affects your AC (+3).
   It affects your strength (+8).
   It insulates you from electricity.
   It affects your resistance to hostile enchantments.
   It may confuse you when you take damage.
 E - a +4 amulet of reflection
 H - an uncursed ring of see invisible {unknown}
 N - a +5 ring of dexterity (on tentacle)
 P - a +5 ring of protection (on tentacle)
 Q - a ring of protection from fire (on tentacle)
 T - a +4 ring of slaying (on tentacle)
 U - an uncursed amulet of harm {unknown}
 Z - an uncursed ring of ice
Wands
 f - a wand of paralysis (2/24)
 l - a wand of iceblast (5/15)
 D - a wand of lightning (8/15)
 F - a wand of hasting (2/9)
 S - a wand of disintegration (9/24)
 V - a wand of teleportation (4/9)
 W - a wand of acid (6/15)
 Y - a wand of confusion (23/48)
Scrolls
 m - a scroll of vulnerability
 p - 3 scrolls of fear
 u - 4 scrolls of blinking
 v - 3 scrolls of teleportation
 x - a scroll of magic mapping
 C - a scroll of holy word
Potions
 e - a potion of might
 q - a potion of cure mutation
 s - a potion of beneficial mutation
 G - a potion of resistance
 J - a potion of magic
Miscellaneous
 A - a phial of floods (inert)
 O - a fan of gales (inert)
 R - a stone of tremors (inert)
Comestibles
 b - a chunk of flesh
 c - 19 bread rations
 k - 4 beef jerkies
 o - 12 meat rations
 M - 2 fruits


   Skills:
 - Level 8.0 Fighting
 - Level 8.0(8.1) Slings
 - Level 2.0(5.4) Throwing
 - Level 13.5 Dodging
 - Level 10.0 Shields
 - Level 12.0 Unarmed Combat
 + Level 9.0 Spellcasting
 * Level 9.1 Charms
 - Level 7.0 Summonings
 + Level 5.3 Translocations
 - Level 12.1 Air Magic
 - Level 19.2 Invocations
 + Level 7.7 Evocations


You had 12 spell levels left.
You knew the following spells:

 Your Spells              Type           Power        Failure   Level  Hunger
a - Mephitic Cloud        Conj/Pois/Air  ##......     12%         3    ##.....
b - Summon Forest         Summ/Tloc      ###.......   38%         5    ######.
c - Gell's Gravitas       Hex/Tloc       #.........   17%         3    ##.....
d - Summon Lightning Spi  Summ/Air       ###.....     3%          4    ####...
e - Deflect Missiles      Chrm/Air       ####......   34%         6    #######
f - Repel Missiles        Chrm/Air       ####..       1%          2    #......
g - Swiftness             Chrm/Air       ####....     1%          2    #......


Dungeon Overview and Level Annotations

Branches:
Dungeon (15/15)            Temple (1/1) D:4            Lair (8/8) D:11
  Swamp (0/4) Lair:6       Spider (0/4) Lair:6          Orc (2/2) D:12
    Elf (3/3) Orc:2        Vaults (0/5) D:14         Depths (0/5) D:15
  Slime: Lair:6-8

Altars:
Ashenzari
Cheibriados
Dithmenos
Elyvilon
Fedhas
Gozag
Kikubaaqudgha
Makhleb
Nemelex Xobeh
Okawaru
Qazlal
Ru
Sif Muna
Trog
Vehumet
Xom
Yredelemnul
Zin
Beogh
Jiyva

Shops:
Orc:2 ?[==   Elf:1 (   Elf:2 :

Annotations:
D:6 Pikel
D:9 YrmMerkstave's ghost, novice MiGl
Lair:3 Rupert
Lair:7 1 runed door
Elf:2 3 runed doors


Innate Abilities, Weirdness & Mutations

You cannot wear most types of armour.
You are amphibious.
You can wear up to eight rings at the same time.
You can use your tentacles to constrict eight enemies at once.
Your skin changes colour to match your surroundings (Stealth).
Your rubbery body absorbs attacks (AC +1).


Message History

t - an amulet of rage (around mantle)
You are covered in liquid flames!
* * * LOW HITPOINT WARNING * * *
Something hits your earth elemental but does no damage.
The air elemental completely misses you.
The wretched star pulses with an eldritch light!
Zin protects your body from mutation!
The blink frog twists and deforms.
The shining eye twists and deforms.
The hell knight twists and deforms.
The blink frog twists and deforms. x2
The blink frog completely misses you.
A spatial vortex comes into view.
Eat a chunk of flesh? (ye/n/q/i?) Eat which item? (? for menu, Esc to quit)
You are covered in liquid flames!
* * * LOW HITPOINT WARNING * * *
The air elemental misses you. The air elemental barely misses you.
The spatial maelstrom hits you.
* * * LOW HITPOINT WARNING * * *
Space warps horribly around you!
You die...

#. .# ## #.#.###
# . ....#.# . .
./#.#... ##.#
##v. *..†# # . #
.#h..##
#.#.####F##§v##.
#....Fv@hFF.R*.#
#.####vXE##)#...
#.....v†GFE. ..
#####.###†F.*..#
..p . ..E##v.
....# ##).v.#
#.### #....... .
# #...##.
.....#.


You could see a spatial maelstrom, 3 wretched stars, a rakshasa, a hell knight,
2 hell hogs, a shining eye, 4 spatial vortices, a large abomination, 6 blink
frogs, an air elemental and 2 friendly earth elementals.

Vanquished Creatures
  Norris (D:14)
  A bone dragon (Abyss:2)
  A lich (Abyss:2)
  A deep elf blademaster (Elf:3)
  A deep elf master archer (Elf:3)
  Frances (Elf:1)
  5 tentacled starspawn
  Roxanne (D:14)
  A ghost moth (Abyss:4)
  2 cacodemons
  3 deep elf sorcerers (Elf:3)
  4 very ugly things
  6 deep elf elementalists
  A reaper (Abyss:2)
  A salamander stormcaller (Abyss:4)
  An ophan (Abyss:4)
  Azrael (D:12)
  8 deep elf demonologists
  3 deep elf annihilators (Elf:3)
  A purple draconian (Abyss:2)
  Snorg (D:10)
  A minotaur (Lab)
  3 deep elf death magi
  3 green deaths (Abyss:4)
  Josephine (D:13)
  Erolcha (D:11)
  2 great orbs of eyes
  A rakshasa (Abyss:4)
  2 fire dragons (D:15)
  2 deep elf high priests (Elf:3)
  An ice dragon (Elf:3)
  4 hydras
  3 centaur warriors
  A catoblepas (D:15)
  A death knight (D:15)
  6 death yaks (Lair:7)
  10 dancing weapons
  3 hell knights (Abyss:4)
  14 thrashing horrors
  17 deep elf knights
  Sonja (D:14)
  A sun demon (Abyss:2)
  A soul eater (Abyss:2)
  13 wretched stars
  A shadow wraith (Abyss:4)
  3 spatial maelstroms
  A giant orange brain (Abyss:4)
  10 hill giants
  2 unseen horrors (D:14)
  21 starcursed masses
  10 deep elf archers
  A flayed ghost (Abyss:4)
  4 griffons
  6 orc knights
  2 hornets (shapeshifter)
  A cyclops (Orc:1)
  79 deep elf magi
  An oklob plant (Lair:7)
  17 ugly things
  6 sixfirhies
  4 worldbinders (Abyss:4)
  2 manticores
  Maurice (D:10)
  8 black mambas
  10 elephants
  2 rust devils (Abyss:2)
  4 smoke demons
  2 apocalypse crabs
  15 spiny frogs
  3 gargoyles
  Psyche (D:8)
  2 orange demons
  13 komodo dragons
  2 hellions
  3 freezing wraiths (D:15)
  An efreet (Abyss:4)
  3 yaktaurs (D:15)
  6 fire drakes
  5 ancient zymes
  A spriggan druid (Lair:8)
  13 polar bears
  5 trolls
  Prince Ribbit (D:7)
  13 blink frogs
  23 raiju
  A boulder beetle (D:14)
  25 slime creatures
  8 redbacks
  29 large abominations
  A redback (shapeshifter) (Elf:1)
  A spriggan (shapeshifter) (Abyss:2)
  3 air elementals
  4 wyverns
  A shadow (Abyss:4)
  An ettin skeleton (Abyss:2)
  A vampire (D:15)
  49 yaks
  11 spriggans (Lair:8)
  4 water elementals
  6 ynoxinuls
  9 wraiths
  3 hungry ghosts
  6 fire elementals
  2 golden eyes
  8 hippogriffs
  6 basilisks
  14 humans (D:14)
  5 chaos spawn
  6 neqoxecs
  6 vampire mosquitoes (D:15)
  32 wolves
  Menkaure (D:6)
  A steam dragon (Lair:6)
  5 insubstantial wisps (Abyss:4)
  Duvessa (D:6)
  2 mottled dragons
  3 spatial vortices
  10 wargs
  16 small abominations
  15 water moccasins
  9 porcupines
  14 hell hounds
  2 ice beasts
  2 eyes of draining
  43 orc warriors
  9 sky beasts
  2 slaves (D:6)
  5 phantoms
  3 wasps (Lair:8)
  5 black bears
  10 ogres
  21 centaurs
  A snapping turtle skeleton (Abyss:2)
  16 crocodiles
  A big kobold (D:13)
  21 giant frogs
  Blork the orc (D:6)
  A gnoll sergeant (Orc:2)
  An earth elemental (Elf:3)
  Dowan (D:6)
  A scorpion (D:5)
  A wyvern skeleton (D:10)
  4 jellies
  18 killer bees
  18 wights
  5 electric eels
  7 centaur zombies
  5 giant frog zombies
  3 quasits
  4 crimson imps
  5 centaur skeletons
  15 orc priests
  5 hounds
  24 orc wizards
  3 giant frog skeletons
  6 iguanas
  4 iron imps
  Jessica (D:3)
  4 worker ants
  38 sheep
  A hound zombie (D:9)
  A hound skeleton (D:5)
  A worker ant zombie (D:10)
  10 adders
  9 gnolls
  81 river rats
  4 shadow imps
  4 white imps
  2 ufetubi
  An ooze (D:4)
  4 worms
  A dart slug (D:3)
  4 giant geckos
  116 orcs
  3 giant cockroaches
  4 goblins
  3 hobgoblins
  8 jackals
  7 quokkas
  A bat (D:1)
  A giant gecko skeleton (D:9)
  5 giant newts
  A jackal skeleton (D:4)
  12 kobolds
  A quokka skeleton (D:8)
  3 rats
  A lurking horror (Abyss:4)
  2 pillars of salt
  2 plants
  A starspawn tentacle (Abyss:2)
1374 creatures vanquished.

Vanquished Creatures (others)
  A deep elf elementalist (Elf:3)
  Nessos (D:15)
  A deep elf high priest (Elf:3)
  A deep elf archer (Elf:1)
  2 humans (D:14)
  A chaos spawn (Abyss:4)
  A neqoxec (Abyss:4)
  A soldier ant (Abyss:4)
  A small abomination (Abyss:2)
  5 centaurs
  A big kobold (shapeshifter) (Abyss:4)
  7 bushes (Lair:8)
  A fire vortex (Abyss:4)
  28 fungi
  2 lurking horrors
  15 pillars of salt
  20 plants
  13 starspawn tentacles
  52 starspawn tentacle segments
154 creatures vanquished.

Grand Total: 1528 creatures vanquished

Notes
Turn   | Place    | Note
--------------------------------------------------------------
     0 | D:1      | M4edhros the Octopode Gladiator began the quest for the Orb.
     0 | D:1      | Reached XP level 1. HP: 14/14 MP: 1/1
   301 | D:1      | Reached XP level 2. HP: 19/19 MP: 2/2
  1004 | D:2      | Reached XP level 3. HP: 22/24 MP: 3/3
  1448 | D:2      | Noticed a sky beast
  1473 | D:2      | Killed a sky beast
  1473 | D:2      | Reached skill level 5 in Unarmed Combat
  1473 | D:2      | Reached XP level 4. HP: 19/29 MP: 4/4
  1473 | D:2      | Reached XP level 5. HP: 22/34 MP: 5/5
  2083 | D:3      | Found a snail-covered altar of Cheibriados.
  2107 | D:3      | Noticed Jessica
  2139 | D:3      | Killed Jessica
  2303 | D:3      | Reached XP level 6. HP: 34/39 MP: 6/6
  2306 | D:3      | Found a sparkling altar of Nemelex Xobeh.
  2556 | D:4      | Found a sparkling altar of Nemelex Xobeh.
  2626 | D:4      | Found an iron altar of Okawaru.
  2837 | D:4      | Found a stormy altar of Qazlal.
  2837 | D:4      | Found a shadowy altar of Dithmenos.
  3061 | D:4      | Found a staircase to the Ecumenical Temple.
  3249 | D:5      | Entered Level 5 of the Dungeon
  3444 | D:5      | Found a shimmering altar of Xom.
  3481 | D:5      | Found an ancient bone altar of Kikubaaqudgha.
  3484 | D:5      | Found a blossoming altar of Fedhas.
  3950 | D:5      | Found a white marble altar of Elyvilon.
  4133 | D:5      | Reached XP level 7. HP: 45/45 MP: 7/7
  4214 | D:6      | Noticed Menkaure
  4237 | D:6      | Killed Menkaure
  4408 | D:6      | Noticed Blork the orc
  4470 | D:6      | Killed Blork the orc
  4581 | D:6      | Noticed Pikel
  4770 | D:6      | Reached XP level 8. HP: 43/50 MP: 8/8
  5038 | D:6      | Reached skill level 10 in Unarmed Combat
  5158 | D:6      | Noticed Duvessa
  5158 | D:6      | Noticed Dowan
  5163 | D:6      | Killed Duvessa
  5165 | D:6      | Killed Dowan
  5373 | Temple   | Entered the Ecumenical Temple
  5430 | Temple   | Became a worshipper of Zin the Law-Giver
  5430 | Temple   | Reached * piety under Zin
  5561 | D:6      | Reached XP level 9. HP: 52/54 MP: 9/9
  5943 | D:7      | Got a warped wooden ring
  5944 | D:7      | Identified the ring of the Dragon {rCorr rElec rN+ Str+2 Int-2} (You found it on level 7 of the Dungeon)
  6005 | D:7      | Noticed Prince Ribbit
  6038 | D:7      | Reached skill level 1 in Invocations
  6098 | D:7      | Reached skill level 2 in Invocations
  6140 | D:7      | Found a sacrificial altar of Ru.
  6302 | D:7      | Identified a scroll of acquirement
  6312 | D:7      | Reached skill level 3 in Invocations
  6322 | D:7      | Reached skill level 4 in Invocations
  6394 | D:7      | Reached ** piety under Zin
  6416 | D:7      | Killed Prince Ribbit
  6416 | D:7      | Reached skill level 5 in Invocations
  6484 | D:7      | Found a burning altar of Makhleb.
  6485 | D:7      | Found a radiant altar of Vehumet.
  6487 | D:7      | Reached skill level 5 in Dodging
  6951 | D:8      | Noticed Psyche
  6959 | D:8      | Killed Psyche
  6959 | D:8      | Reached skill level 6 in Invocations
  6959 | D:8      | Reached XP level 10. HP: 46/60 MP: 15/15
  6991 | D:8      | Reached skill level 7 in Invocations
  7045 | D:8      | Found an opulent altar of Gozag.
  7192 | D:8      | You fall through a shaft!
  7222 | D:9      | Found a shattered altar of Ashenzari.
  7503 | D:9      | Noticed YrmMerkstave's ghost (novice MiGl)
  7774 | D:8      | Reached skill level 8 in Invocations
  7843 | D:8      | Reached *** piety under Zin
  7917 | D:8      | Found a sparkling altar of Nemelex Xobeh.
  8081 | D:8      | Got a steaming copper ring
  8082 | D:8      | Identified the ring "Voumigi" {*Confuse rElec MR- AC+3 Str+8} (You found it on level 8 of the Dungeon)
  8636 | D:9      | Reached skill level 9 in Invocations
  8887 | D:10     | Entered Level 10 of the Dungeon
  8960 | D:10     | Noticed Sonja
  9047 | D:10     | Noticed Snorg
  9078 | D:10     | Killed Snorg
  9078 | D:10     | Reached skill level 10 in Invocations
  9078 | D:10     | Reached XP level 11. HP: 37/64 MP: 18/18
  9112 | D:10     | Noticed Maurice
  9165 | D:10     | Killed Maurice
  9481 | D:10     | Reached skill level 11 in Invocations
  9513 | D:10     | Found a sparkling altar of Nemelex Xobeh.
  9827 | D:10     | Reached **** piety under Zin
 10498 | D:11     | Noticed a hill giant
 10505 | D:11     | Killed a hill giant
 10505 | D:11     | Reached skill level 1 in Shields
 10526 | D:11     | Noticed Erolcha
 10527 | D:11     | Paralysed by Erolcha for 4 turns
 10543 | D:11     | Killed Erolcha
 10560 | D:11     | Reached skill level 12 in Invocations
 10795 | D:11     | Noticed a hill giant
 10799 | D:11     | Killed a hill giant
 10807 | D:11     | Reached XP level 12. HP: 70/70 MP: 21/21
 10816 | D:11     | Found a staircase to the Lair.
 11063 | D:11     | Reached skill level 13 in Invocations
 11601 | D:12     | Found a staircase to the Orcish Mines.
 11798 | D:12     | Reached skill level 5 in Shields
 11864 | Lair:1   | Entered Level 1 of the Lair of Beasts
 12061 | Lair:1   | Reached skill level 1 in Slings
 13055 | Lair:2   | Reached ***** piety under Zin
 13458 | Lair:2   | Reached skill level 14 in Invocations
 13688 | Lair:3   | Reached skill level 10 in Dodging
 13697 | Lair:3   | Noticed Rupert
 13763 | Lair:3   | Reached XP level 13. HP: 74/74 MP: 23/23
 14510 | Lair:4   | Learned a level 3 spell: Mephitic Cloud
 14516 | Lair:4   | Learned a level 5 spell: Summon Forest
 14539 | Lair:4   | Learned a level 3 spell: Gell's Gravitas
 15664 | Lair:5   | Reached skill level 15 in Invocations
 16041 | Lair:6   | Reached skill level 5 in Slings
 16046 | Lair:6   | Found a staircase to the Swamp.
 16824 | Lair:7   | Got a scintillating platinum ring
 16898 | Lair:7   | Found a runed door.
 16899 | Lair:7   | Found a viscous altar of Jiyva.
 16999 | Lair:7   | Reached XP level 14. HP: 83/85 MP: 25/25
 17493 | Lair:6   | Found a hole to the Spider Nest.
 17732 | Lair:6   | Reached skill level 16 in Invocations
 18377 | Lair:8   | Entered Level 8 of the Lair of Beasts
 18393 | Lair:8   | Reached skill level 5 in Fighting
 19193 | Lair:8   | Found a dark tunnel.
 19821 | Lair:8   | Reached XP level 15. HP: 94/94 MP: 27/27
 20014 | Lair:8   | Identified the ring "Jeelamudd" {+Fly Stlth+} (You found it on level 7 of the Lair of Beasts)
 20405 | D:12     | Noticed Azrael
 20418 | D:12     | Killed Azrael
 20514 | Orc:1    | Entered Level 1 of the Orcish Mines
 20775 | Orc:1    | Reached ****** piety under Zin
 20888 | Orc:1    | Reached skill level 17 in Invocations
 20990 | Orc:2    | Entered Level 2 of the Orcish Mines
 21110 | Orc:2    | Found Kiqer's Jewellery Shop.
 21111 | Orc:2    | Found Seust's Jewellery Emporium.
 21161 | Orc:2    | Bought a +3 ring of protection for 252 gold pieces
 21210 | Orc:2    | Found a roughly hewn altar of Beogh.
 21299 | Orc:2    | Found Rukhlika's Magic Scroll Emporium.
 21299 | Orc:2    | Found Cykhaosk's Armour Shop.
 21337 | Orc:2    | Bought a scroll of blinking for 97 gold pieces
 21355 | Orc:2    | Bought a scroll of teleportation for 39 gold pieces
 21355 | Orc:2    | Bought a scroll of enchant weapon for 97 gold pieces
 21770 | Orc:2    | Found a staircase to the Elven Halls.
 21871 | Orc:2    | Found a roughly hewn altar of Beogh.
 22152 | D:13     | Noticed Josephine
 22176 | D:13     | Killed Josephine
 22447 | D:13     | Reached skill level 1 in Translocations
 22620 | D:13     | Reached skill level 1 in Spellcasting
 22940 | D:14     | Found a gate to the Vaults.
 22940 | D:14     | Noticed Norris
 22992 | D:14     | Killed Norris
 23104 | D:14     | Killed Sonja
 23104 | D:14     | Reached XP level 16. HP: 87/103 MP: 28/28
 23198 | D:14     | Noticed Roxanne
 23581 | D:14     | Killed Roxanne
 23583 | D:14     | Identified Roxanne's Volume of Transmigration (You took it off Roxanne on level 14 of the Dungeon)
 24008 | D:14     | Reached skill level 10 in Shields
 24268 | D:15     | Entered Level 15 of the Dungeon
 24268 | D:15     | Found a labyrinth entrance.
 24281 | D:15     | Reached skill level 18 in Invocations
 24315 | Lab      | Entered a labyrinth
 24722 | Lab      | Identified the Papyrus of the Freezing Birds (You found it in a labyrinth)
 24731 | Lab      | Learned a level 4 spell: Summon Lightning Spire
 24978 | D:15     | Learned a level 6 spell: Deflect Missiles
 25429 | D:15     | Noticed Nessos
 25441 | D:15     | Killed Nessos
 25486 | D:15     | Reached skill level 1 in Air Magic
 25809 | D:15     | Found a white marble altar of Elyvilon.
 26021 | D:15     | Found a staircase to the Depths.
 26311 | Elf:1    | Entered Level 1 of the Elven Halls
 26317 | Elf:1    | Noticed an Ice Fiend
 26320 | Elf:1    | Noticed a Shadow Fiend
 26352 | Elf:1    | Noticed Frances
 26366 | Elf:1    | Noticed a Shadow Fiend
 26817 | Elf:1    | Killed Frances
 26838 | Elf:1    | Identified the Guide on Creation
 26868 | Elf:1    | Reached skill level 1 in Summonings
 26911 | Elf:1    | Reached XP level 17. HP: 78/109 MP: 30/30
 27286 | Elf:1    | Found Wuho's Antique Weapon Shoppe.
 27296 | Elf:1    | Bought a glowing hunting sling for 43 gold pieces
 27515 | Elf:2    | Reached skill level 19 in Invocations
 27692 | Elf:2    | Reached skill level 5 in Spellcasting
 27698 | Elf:2    | Reached skill level 5 in Air Magic
 27737 | Elf:2    | Noticed a Hell Sentinel
 27780 | Elf:2    | Got a distressingly furry hat
 27791 | Elf:2    | Identified the +2 hat "Rip Taores" {rElec rC- rCorr MP+9} (You acquired it on level 2 of the Elven Halls)
 27820 | Elf:2    | Found a radiant altar of Vehumet.
 27850 | Elf:2    | Reached XP level 18. HP: 116/116 MP: 31/31
 27955 | Elf:2    | Found a runed gate.
 27962 | Elf:2    | Found a runed gate.
 27962 | Elf:2    | Found a runed gate.
 28032 | Elf:2    | Found Tiunteg's Book Emporium.
 28043 | Elf:2    | Bought a book of Air for 420 gold pieces
 28046 | Elf:2    | Learned a level 2 spell: Repel Missiles
 28049 | Elf:2    | Learned a level 2 spell: Swiftness
 28233 | Elf:3    | Entered Level 3 of the Elven Halls
 28375 | Elf:3    | Reached skill level 1 in Evocations
 28407 | Elf:3    | Reached skill level 5 in Summonings
 28411 | Elf:3    | Noticed a deep elf blademaster
 28414 | Elf:3    | Noticed a deep elf master archer
 28414 | Elf:3    | Noticed a deep elf master archer
 28421 | Elf:3    | Killed a deep elf master archer
 28422 | Elf:3    | Killed a deep elf blademaster
 28476 | Elf:3    | Cast into level 2 of the Abyss (a deep elf sorcerer)
 28641 | Abyss:2  | Found a corrupted altar of Lugonu.
 28648 | Abyss:2  | Found a corrupted altar of Lugonu.
 28769 | Abyss:2  | Found a bloodstained altar of Trog.
 28844 | Abyss:2  | Noticed a hellephant
 29156 | Abyss:2  | Noticed a bone dragon
 29185 | Abyss:2  | Killed a bone dragon
 29280 | Abyss:2  | Noticed a lich
 29281 | Abyss:2  | Noticed a Hell Sentinel
 29285 | Abyss:2  | Noticed a Brimstone Fiend
 29289 | Abyss:2  | Noticed a Brimstone Fiend
 29292 | Abyss:2  | Killed a lich
 29292 | Abyss:2  | Reached XP level 19. HP: 40/120 MP: 30/32
 29663 | Abyss:2  | Got an ancient dagger
 29798 | Abyss:2  | Reached skill level 1 in Charms
 30200 | Abyss:2  | Reached skill level 10 in Air Magic
 30684 | Abyss:2  | Reached skill level 5 in Evocations
 30983 | Elf:3    | Escaped the Abyss
 31568 | Elf:3    | Noticed a Brimstone Fiend
 31612 | Elf:3    | Reached skill level 5 in Charms
 32098 | Elf:3    | Cast into level 2 of the Abyss (a deep elf demonologist)
 32123 | Elf:3    | Escaped the Abyss
 32188 | Elf:3    | Cast into level 4 of the Abyss (a deep elf sorcerer)
 32257 | Abyss:4  | Reached XP level 20. HP: 40/126 MP: 33/33
 32427 | Abyss:4  | Noticed a hellephant
 33552 | Abyss:4  | Reached skill level 5 in Translocations
 33777 | Abyss:4  | Was placed under penance by Zin
 33785 | Abyss:4  | HP: 5/126 [burnt (2)]
 33785 | Abyss:4  | Demolished by a spatial maelstrom

Vault maps used:
D:1:      mrwooster_arrival_arrow
D:2:      serial_co_window_serial, co_window_corner_a, co_window_paths_a,
          co_window_paths_b, co_window_corner_a, co_window_paths_a,
          co_window_corner_a, co_window_of_opportunity_a,
          co_window_of_opportunity_b, co_window_corner_cb, co_window_broadway_b,
          co_window_unsneaky_path_a, co_window_unsneaky_path_c,
          co_window_corner_b, co_window_2corner, co_window_paths_d,
          glass_columns_a, glass_columns_a
D:3:      cheibriados_altar_1, nemelex_xobeh_ov_fountains_minmay, uniq_jessica
D:4:      lemuel_doored_altar, okawaru_metal_pillars_1_2,
          gammafunk_temple_overflow_pools, minmay_temple_entry_large_hall,
          first_bread
D:5:      grunt_temple_overflow_growth_and_decay, lemuel_round_altar,
          xom_teletrap_fun
D:6:      uniq_menkaure, uniq_blork_the_orc, uniq_pikel, uniq_duvessa
D:7:      nicolae_ru_sacrificial_ziggurat,
          grunt_temple_overflow_lords_of_destruction,
          nicolae_overflow_hidden_temple, grunt_ogre_cave, uniq_prince_ribbit1
D:8:      grunt_gozag_breadcrumbs, basic_altar, uniq_psyche
D:9:      nicolae_ashenzari_panopticon
D:10:     basic_altar, uniq_maurice, uniq_snorg, uniq_sonja
D:11:     erik_lair_orcish_takeover, uniq_erolcha
D:12:     hiddenorc1_lemuel, uniq_azrael
D:13:     uniq_josephine
D:14:     david_vaults_3, grunt_decor_resistance, uniq_roxanne
D:15:     grunt_enter_depths_hoard, lab_entry_generic, elyvilon_altar_4,
          uniq_nessos
Temple:   circular_temple_6
Lair:3:   hibernation_bobbens, uniq_rupert
Lair:4:   minmay_holes, nicolae_quartered_pool_medium, grunt_megastairs_3
Lair:5:   serial_bayou_shore_a, bh_autumn_forest_stairs, grunt_megastairs_4,
          lemuel_fruit_fields
Lair:6:   swamp_mist, spider_nest_entry_web_field, beast_lair_carwin_1
Lair:7:   slime_altar_2, lemuel_fruit_fields
Lair:8:   minmay_lair_end_enchanted_forest, serial_forest,
          infiniplex_forest_clump_small, infiniplex_forest_clump_large,
          infiniplex_forest_split, infiniplex_forest_end_1,
          infiniplex_forest_straight_1, infiniplex_forest_clump_diagonal,
          infiniplex_forest_lined_room_, infiniplex_forest_straight_4,
          lightli_volcano_entry_magma_tube, grunt_forest_large_clearing_hut,
          lemuel_fruit_fields, infiniplex_staircase_pool
Orc:2:    st_orc_town, basic_altar, nicolae_orc_flooded_monolith,
          elves_outpost_lemuel
Elf:1:    elf_arrival_002, serial_shops, nicolae_shop_window_shopping,
          minmay_elf_demonology, uniq_nikola, uniq_frances
Elf:2:    serial_shops, shop, basic_altar, basic_stair_grate_trap
Elf:3:    minmay_elf_hall_x, portal_ice_cave_entry_animals_and_master
Abyss:2:  hangedman_relentless_pull
Abyss:4:  evilmike_abyss_exit_kraken, onia_ninara_dug_in_and_dangerous,
          due_abyss_rune
Lab:      nicolae_lab_dead_adventurers, nicolae_lab_diamond, nicolae_lab_swirl,
          lab_fountain, labyrinth_lava_lair, lab_block,
          labyrinth_skeletal_remains

Skill      XL: |  1  2  3  4  5  6  7  8  9 10 11 12 13 14 15 16 17 18 19 20 |
---------------+-------------------------------------------------------------+-----
Unarmed Combat | 4 5 6 7 9 11 12 | 12.0
Invocations    | 6 10 12 14 15 16 17 18 19 | 19.2
Dodging        | 5 7 8 10 11 12 13 | 13.5
Shields        | 3 5 7 8 9 10 | 10.0
Slings         | 3 5 7 8 |  8.0
Fighting       | 4 6 7 8 |  8.0
Translocations | 2 4 5 |  5.3
Spellcasting   | 2 4 5 6 7 9 |  9.0
Air Magic      | 3 7 9 11 12 | 12.1
Summonings     | 1 3 6 7 |  7.0
Evocations     | 3 6 7 |  7.7
Charms         | 6 9 |  9.1
Throwing       | |  2.0

Action                   |  1- 3 |  4- 6 |  7- 9 | 10-12 | 13-15 | 16-18 | 19-21 || total
-------------------------+-------+-------+-------+-------+-------+-------+-------++-------
Melee: Unarmed           |    52 |    69 |   157 |   504 |  1014 |   657 |   775 ||  3228
 Fire: Hunting sling     |       |       |       |     7 |    18 |    30 |       ||    55
Throw: Throwing net      |     2 |       |     2 |       |       |       |       ||     4
 Cast: Repel Missiles    |       |       |       |       |       |       |     2 ||     2
Invok: Recite            |       |       |     2 |    17 |    26 |    25 |    35 ||   105
       Vitalisation      |       |       |       |    20 |    43 |    36 |    30 ||   129
       Imprison          |       |       |       |       |       |       |     1 ||     1
       Sanctuary         |       |       |       |       |       |       |     1 ||     1
Evoke: Wand              |       |     3 |       |     6 |     6 |     6 |     3 ||    24
       Fan of gales      |       |       |       |       |     2 |     2 |     3 ||     7
       Stone of tremors  |       |       |       |       |       |       |     1 ||     1
       Phial of floods   |       |       |       |       |       |       |     1 ||     1
  Use: Scroll            |     5 |     3 |     4 |     5 |    12 |    16 |     6 ||    51
       Potion            |       |       |    12 |     4 |     6 |    13 |     1 ||    36
 Stab: Sleeping          |     4 |       |     5 |    11 |    13 |     5 |     3 ||    41
       Distracted        |       |       |       |     5 |     6 |     4 |     7 ||    22
       Invisible         |       |       |       |     6 |     5 |       |       ||    11
       Paralysed         |       |       |       |     5 |    20 |     2 |     1 ||    28
       Confused          |       |       |       |     3 |    18 |    19 |    13 ||    53
       Petrified         |       |       |       |       |       |     1 |       ||     1
  Eat: Chunk             |     1 |     6 |    13 |    15 |    20 |       |     3 ||    58
       Meat ration       |       |     1 |       |     1 |     2 |     4 |     2 ||    10
       Beef jerky        |       |       |       |       |       |       |     3 ||     3
